 Dungeon Crawl Stone Soup version 0.29-a0-221-gceb61267dd (webtiles) character file.

Game seed: 13005380141590193382

781 shoop the Shooter (level 7, -7/38 HPs)
             Began as a Deep Elf Arcane Marksman on Feb 26, 2022.
             Killed by an exploding necrophage (43 damage)
             ... ignited by their inner flame
             ... on level 5 of the Dungeon.
             The game lasted 00:08:28 (4008 turns).

shoop the Shooter (Deep Elf Arcane Marksman)        Turns: 4008, Time: 00:08:30

Health: -7/38      AC:  2    Str:  7    XL:     7   Next: 55%
Magic:  8/15       EV: 13    Int: 26    God:
Gold:   221        SH:  0    Dex: 15    Spells: 4/15 levels left

rFire   . . .      SeeInvis +   a - +0 shortbow
rCold   . . .      Faith    .   (shield currently unavailable)
rNeg    . . .      Spirit   .   b - +0 robe
rPois   .          Reflect  .   (no helmet)
rElec   .          Harm     .   (no cloak)
rCorr   .          Rampage  .   (no gloves)
Will    .....                   (no boots)
Stlth   ++........              (no amulet)
HPRegen 0.12/turn               i - +6 ring of intelligence
MPRegen 0.14/turn               m - ring of see invisible

@: no status effects
A: no striking features
a: no special abilities


You were on level 5 of the Dungeon.
You visited 1 branch of the dungeon, and saw 5 of its levels.

You collected 221 gold pieces.

Inventory:

Hand Weapons
 a - a +0 shortbow (weapon)
Armour
 b - a +0 robe (worn)
Jewellery
 i - a +6 ring of intelligence (left hand)
 k - a ring of protection from cold
 m - a ring of see invisible (right hand)
 o - a ring of resist corrosion
Scrolls
 c - 3 scrolls of identify {unknown}
 e - a scroll of noise {unknown}
 f - 3 scrolls of fog {unknown}
 g - 2 scrolls of silence {unknown}
 h - 2 scrolls of teleportation {unknown}
 l - a scroll of enchant armour {unknown}
 n - a scroll of enchant weapon {unknown}
Potions
 d - 2 potions of degeneration {unknown}
 j - a potion of might {unknown}
 p - a potion of curing {unknown}
 q - a potion of haste


   Skills:
 - Level 1.0 Fighting
 * Level 7.4 Bows
 - Level 3.0 Dodging
 - Level 2.0 Stealth
 + Level 4.5 Spellcasting
 + Level 5.9 Hexes
 + Level 2.0 Translocations
 - Level 3.0 Fire Magic


You had 4 spell levels left.
You knew the following spells:

 Your Spells              Type           Power      Damage    Failure   Level
a - Slow                  Hex            100%       N/A       1%          1
c - Inner Flame           Hex/Fire       29%        N/A       3%          3
f - Cause Fear            Hex            18%        N/A       7%          4
r - Portal Projectile     Hex/Tloc       52%        N/A       4%          3

Your spell library contained the following spells:

 Spells                   Type           Power      Damage    Failure   Level
 Sting                    Tmut/Pois      20%        1d4       9%          1
 Poisonous Vapours        Pois/Air       10%        N/A       12%         2
 Olgreb's Toxic Radiance  Pois           5%         N/A       63%         4


Dungeon Overview and Level Annotations

Branches:
Dungeon (5/15)
 Temple: D:4-7

Altars:
Gozag
Sif Muna

Annotations:
D:4 1 runed translucent door
D:5 Dowan, Duvessa


Message History

A necrophage comes into view.
Found 10 gold pieces.
You see here a +0 shortbow.
Casting: Slow (safe; 1% risk of failure)
Confirm with . or Enter, or press ? or * to list all spells.
Aiming: Slow (safe; 1% risk of failure)
Press: ? - help, Shift-Dir - straight line, f - necrophage
Aim: a necrophage (wandering, hasn't noticed you, chance to affect: 47%)
The necrophage resists with some effort.
Casting: Slow (safe; 1% risk of failure)
Confirm with . or Enter, or press ? or * to list all spells.
Aiming: Slow (safe; 1% risk of failure)
Press: ? - help, Shift-Dir - straight line, f/p - necrophage
Aim: a necrophage (chance to affect: 47%)
The necrophage seems to slow down.
Casting: Slow (safe; 1% risk of failure)
Confirm with . or Enter, or press ? or * to list all spells.
Aiming: Inner Flame (dangerous; 3% risk of failure)
Press: ? - help, Dir - move target, f/p - necrophage
Aim: a necrophage (slow, chance to affect: 70%)
The necrophage struggles to resist.
You shoot an arrow. The arrow hits the necrophage!
The necrophage is moderately damaged.
You shoot an arrow.
The arrow completely misses the necrophage.
The necrophage hits you.
Casting: Inner Flame (dangerous; 3% risk of failure)
Confirm with . or Enter, or press ? or * to list all spells.
Aiming: Inner Flame (dangerous; 3% risk of failure)
Press: ? - help, Dir - move target, f/p - necrophage
Aim: a necrophage (moderately damaged, slow, chance to affect: 70%)
The necrophage is filled with an inner flame.
You shoot an arrow. The arrow hits the necrophage.
Flame seeps out of the necrophage.
The necrophage is heavily damaged.
The necrophage is engulfed in blazing flames.
The necrophage explodes!
The fiery explosion engulfs you!!!
Ouch! That really hurt!
You die...

.. #.# #.##.#
..#.# ## #.#.#
...##...#
......# #...#
#.@§# #.#○##
#.#§§#
#..........
...........#.
......###.#....
..$... .#....
...... .# ...
..... .. ..


There were no monsters in sight!

Vanquished Creatures
  The ghost of ReploidZero the Shield-Bearer, an amateur VSFi (D:4)
  2 ogres
  A necrophage (D:5)
  A centaur (D:5)
  A bullfrog (D:3)
  A jelly (D:4)
  3 hounds (D:4)
  2 iguanas (D:4)
  7 adders
  2 ufetubi (D:5)
  3 worms
  A dart slug (D:4)
  An orc (D:3)
  7 endoplasms
  5 giant cockroaches
  5 goblins
  7 hobgoblins
  2 jackals (D:3)
  4 kobolds
  4 quokkas
  9 ball pythons
  2 bats
  3 frilled lizards (D:2)
  5 rats
79 creatures vanquished.

Notes
Turn   | Place    | Note
-------+----------+-------------------------------------------
     0 | D:1      | shoop the Deep Elf Arcane Marksman began the quest for the
                  | Orb.
     0 | D:1      | Reached XP level 1. HP: 11/11 MP: 5/5
    24 | D:1      | Reached skill level 1 in Stealth
   122 | D:1      | You fall into a shaft and drop 1 floor!
   281 | D:1      | Reached XP level 2. HP: 12/16 MP: 6/6
   401 | D:1      | Found a faded altar of an unknown god.
   472 | D:1      | Reached skill level 3 in Bows
   493 | D:1      | Reached skill level 1 in Fighting
   764 | D:2      | Reached XP level 3. HP: 20/20 MP: 5/7
   866 | D:2      | Reached skill level 4 in Bows
   870 | D:2      | Learned a level 3 spell: Inner Flame
  1473 | D:3      | Reached XP level 4. HP: 25/25 MP: 8/8
  1507 | D:3      | Found an opulent altar of Gozag.
  1676 | D:3      | Reached skill level 1 in Fire Magic
  1697 | D:3      | Noticed an ogre
  1732 | D:3      | Killed an ogre
  1733 | D:3      | Reached skill level 5 in Bows
  1733 | D:3      | Reached XP level 5. HP: 29/29 MP: 3/11
  1904 | D:3      | Found a shimmering blue altar of Sif Muna.
  2344 | D:4      | Found a runed translucent door.
  2346 | D:4      | Noticed ReploidZero's ghost (amateur VSFi)
  2385 | D:4      | Found a runed translucent door.
  2469 | D:4      | Reached skill level 5 in Hexes
  2469 | D:4      | Reached XP level 6. HP: 34/34 MP: 6/12
  2497 | D:4      | Reached skill level 6 in Bows
  2501 | D:4      | Learned a level 3 spell: Portal Projectile
  2506 | D:4      | Learned a level 4 spell: Cause Fear
  3098 | D:3      | Reached skill level 1 in Translocations
  3338 | D:4      | Killed ReploidZero's ghost
  3339 | D:4      | Reached skill level 7 in Bows
  3339 | D:4      | Reached XP level 7. HP: 23/38 MP: 8/15
  3520 | D:5      | Entered Level 5 of the Dungeon
  3520 | D:5      | Noticed Duvessa
  3520 | D:5      | Noticed Dowan
  4008 | D:5      | Killed by an exploding necrophage... ignited by their inner
                  | flame

Illustrated notes

Levels and vault maps discovered:
D:1:      scummos_arrival_checkerplants, layout_loops_ring,
          ebering_ecumenical_altar_sacrificial
D:2:      layout_rooms
D:3:      layout_loops_ring, overflow_temple_1_default, led_sif_pool
D:4:      layout_loops_ring, ebering_ghost_sewer_f
D:5:      gammafunk_wand_slinger, layout_basic,
          mainiacjoe_overflow_small_starburst, temple_doors_e,
          minmay_misc_feat_plants, uniq_duvessa, uniq_grinder

Skill      XL: |  1  2  3  4  5  6  7 |
---------------+----------------------+-----
Stealth        | 2 |  2.0
Bows           | 3 4 5 7 |  7.4
Fighting       | 1 |  1.0
Dodging        | 3 |  3.0
Spellcasting   | 2 3 4 |  4.5
Fire Magic     | 1 2 3 |  3.0
Hexes          | 5 |  5.9
Translocations | 1 2 |  2.0

Action                   |  1- 3 |  4- 6 |  7- 9 || total
-------------------------+-------+-------+-------++-------
 Fire: Shortbow          |   101 |   124 |    24 ||   249
 Cast: Slow              |    10 |    14 |     6 ||    30
       Inner Flame       |       |     8 |     5 ||    13
Armor: Robe              |     7 |     3 |       ||    10
Dodge: Dodged            |    31 |    34 |     7 ||    72

Table legend: (Time is in decaauts)
 A = Elapsed time spent in this place.
 B = Non-inter-level travel time spent in this place.
 C = Inter-level travel time spent in this place.
 D = Time resting spent in this place.
 E = Time spent auto-exploring this place.
 F = Levels seen in this place.
 G = Mean time per level.
                   A        B        C        D        E       F      G
               +--------+--------+--------+--------+--------+-----+--------+
         Total |   4079 |   3904 |    175 |    446 |   2753 |   5 |  815.8 |
       Dungeon |   4079 |   3904 |    175 |    446 |   2753 |   5 |  815.8 |
               +--------+--------+--------+--------+--------+-----+--------+

Top non-repeatable levels by time:
     D:4: 1539 daAuts
     D:3: 1063 daAuts
     D:1: 758 daAuts
     D:2: 472 daAuts
     D:5: 245 daAuts
